 Dungeon Crawl Stone Soup version 0.31-a0-1074-g0b22e4e0f1 (webtiles) character file.

Game seed: 12791477632424792700

177081 olourkin the Lord of Darkness (level 17, -5/126 HPs)
             Began as a Demonspawn Gladiator on Nov 30, 2023.
             Was the Champion of Kikubaaqudgha.
             Slain by a ghost moth (8 damage)
             ... on level 4 of the Spider Nest.
             The game lasted 03:22:27 (36112 turns).

olourkin the Lord of Darkness (DsGl)               Turns: 36112, Time: 03:22:28

Health: -5/126     AC: 41    Str: 25    XL:     17   Next: 53%
Magic:  0/17       EV: 13    Int: 18    God:    Kikubaaqudgha [******]
Gold:   314        SH:  0    Dex: 24    Spells: 4/16 levels left

rFire   . . .        a - +6 war axe (elec)
rCold   . . .        (no shield)
rNeg    . . .        K - +8 orange crystal plate armour {Archmagi, Int+3 Clar}
rPois   .            c - +0 helmet
rElec   .            L - +2 cloak
rCorr   .            (gloves unavailable)
SInv    .            t - +0 pair of boots
Will    +....        (no amulet) Stlth
                     D - ring of Happiness {+Blink Str+6 Int-4 Dex+9}
HPRegen 0.41/turn    f - +6 ring of intelligence
MPRegen 0.15/turn

%: clarity, archmagi
@: about to teleport, marked, spiked, on blink cooldown, animating dead, slowed,
studying Ice Magic, very slow
A: yellow scales 2, spiny 2, demonic magic 3, demonic touch 3
a: Renounce Religion, Evoke Blink, Unearth Wretches, Torment, Brand Weapon With
Pain, Receive Forbidden Knowledge


You were on level 4 of the Spider Nest.
You worshipped Kikubaaqudgha.
Kikubaaqudgha was exalted by your worship.
You visited 6 branches of the dungeon, and saw 28 of its levels.
You also visited: Ice Cave.

You collected 3204 gold pieces.
You spent 2890 gold pieces at shops.

Inventory:

Hand Weapons
 a - a +6 war axe of electrocution (weapon)
 p - a +2 arbalest of freezing
 y - the +6 short sword "Dontaon" {elec, Str+4}
   (You found it on level 3 of the Dungeon)

   Str+4:     It affects your strength (+4).
 M - a +2 war axe of flaming
Missiles
 d - 5 throwing nets
 A - 15 boomerangs (quivered)
 F - 3 atropa-tipped darts
 I - 39 poisoned darts
 P - 9 curare-tipped darts
Armour
 c - a +0 helmet (worn)
 t - a +0 pair of boots (worn)
 K - the +8 orange crystal plate armour (worn) {Archmagi, Int+3 Clar}
   (You bought it in a shop on level 2 of the Orcish Mines)

   Int+3:     It affects your intelligence (+3).
   Clar:      It protects you from confusion, rage, mesmerisation and fear.
 L - a +2 cloak (worn)
Magical Staves
 J - a staff of death
 W - a staff of cold
Jewellery
 f - a +6 ring of intelligence (right hand)
 n - a ring of flight
 w - a ring of magical power
 D - the ring of Happiness (left hand) {+Blink Str+6 Int-4 Dex+9}
   (You found it on level 3 of the Dungeon)

   [ring of strength]

   Str+6:     It affects your strength (+6).
   Int-4:     It affects your intelligence (-4).
   Dex+9:     It affects your dexterity (+9).
   +Blink:    It lets you blink.
 E - a ring of protection from cold
 H - a ring of willpower
 N - a +6 ring of strength
 O - a ring of protection from fire
Wands
 j - a wand of flame (23)
 k - a wand of polymorph (5)
 u - a wand of mindburst (4)
 B - a wand of paralysis (8)
 Q - a wand of digging (9)
 V - a wand of roots (12)
 X - a wand of quicksilver (6)
Scrolls
 b - a scroll of silence
 e - 7 scrolls of fear
 g - a scroll of fog
 i - a scroll of revelation
 s - 15 scrolls of teleportation
 x - 4 scrolls of identify
 G - a scroll of brand weapon
 S - 2 scrolls of enchant armour
 Y - a scroll of enchant weapon
 Z - 2 scrolls of blinking
Potions
 h - a potion of resistance
 l - 11 potions of curing
 m - a potion of attraction {!q}
 o - 8 potions of enlightenment
 q - 4 potions of brilliance
 r - 3 potions of heal wounds
 z - 2 potions of magic
 C - a potion of invisibility
 R - 3 potions of haste
 U - 3 potions of cancellation
Miscellaneous
 v - a phial of floods


   Skills:
 - Level 9.4 Fighting
 - Level 2.0 Short Blades
 - Level 10.7 Axes
 - Level 6.0 Throwing
 + Level 15.2 Armour
 - Level 12.9 Dodging
 - Level 8.0 Stealth
 + Level 16.0 Necromancy
 - Level 4.0 Transmutations
 + Level 11.6 Ice Magic


You had 4 spell levels left.
You knew the following spells:

 Your Spells              Type           Power      Damage    Failure   Level
n - Sublimation of Blood  Necr           72%        N/A       1%          2
u - Passwall              Tmut/Erth      8%         N/A       98%         2
y - Necrotise             Necr           100%       1d9       1%          1
z - Ozocubu's Armour      Ice            58%        N/A       14%         3
X - Animate Dead          Necr           72%        N/A       8%          4

Your spell library contained the following spells:

 Spells                   Type           Power      Damage    Failure   Level
 Vampiric Draining        Necr           72%        2d11      2%          3
 Kiss of Death            Conj/Necr      100%       2d13      22%         1
 Ensorcelled Hibernation  Hex/Ice        62%        N/A       61%         2
 Cigotuvi's Dreadful Rot  Necr/Pois/Air  56%        N/A       67%         2
 Wereblood                Tmut           21%        N/A       86%         2
 Anguish                  Hex/Necr       21%        N/A       91%         4
 Apportation              Tloc           0%         N/A       99%         1
 Magic Dart               Conj           0%         1d3       99%         1
 Slow                     Hex            0%         N/A       99%         1
 Summon Small Mammal      Summ           0%         N/A       99%         1
 Jinxbite                 Hex            0%         N/A       100%        2
 Lesser Beckoning         Tloc           0%         N/A       100%        2
 Momentum Strike          Conj/Tloc      0%         3d8       100%        2
 Poisonous Vapours        Pois/Air       0%         N/A       100%        2
 Searing Ray              Conj           0%         2d4       100%        2
 Static Discharge         Conj/Air       0%         3-3/arc   100%        2
 Confusing Touch          Hex            0%         N/A       100%        3
 Gell's Gravitas          Tloc           0%         N/A       100%        3
 Inner Flame              Hex/Fire       0%         N/A       100%        3
 Mephitic Cloud           Conj/Pois/Air  0%         N/A       100%        3
 Sigil of Binding         Hex            0%         N/A       100%        3
 Summon Guardian Golem    Hex/Summ       0%         N/A       100%        3
 Swiftness                Air            0%         N/A       100%        3
 Teleport Other           Tloc           0%         N/A       100%        3
 Tukima's Dance           Hex            0%         N/A       100%        3
 Airstrike                Air            0%         2d(0-16)  100%        4
 Cause Fear               Hex            0%         N/A       100%        4
 Dimensional Bullseye     Hex/Tloc       0%         N/A       100%        4
 Fulminant Prism          Conj/Hex       0%         3d5       100%        4
 Iskenderun's Mystic Bla  Conj/Tloc      0%         2d3       100%        4
 Leda's Liquefaction      Hex/Erth       0%         N/A       100%        4
 Summon Lightning Spire   Summ/Air       0%         N/A       100%        4
 Agony                    Necr           72%        N/A       22%         5
 Death Channel            Necr           36%        N/A       77%         6
 Simulacrum               Ice/Necr       32%        N/A       96%         6
 Borgnjor's Vile Clutch   Necr/Erth      21%        N/A       99%         5
 Alistair's Intoxication  Tmut/Pois      6%         N/A       100%        5
 Arcjolt                  Conj/Air       0%         1d10      100%        5
 Fireball                 Conj/Fire      0%         3d3       100%        5
 Freezing Cloud           Conj/Ice/Air   10%        6-21      100%        5
 Irradiate                Conj/Tmut      5%         3d13      100%        5
 Lee's Rapid Deconstruct  Erth           0%         3d4*      100%        5
 Summon Forest            Summ/Tloc      0%         N/A       100%        5
 Yara's Violent Unravell  Hex/Tmut       5%         3d4       100%        5
 Bombard                  Conj/Erth      0%         9d1       100%        6
 Eringya's Noxious Bog    Tmut/Pois      5%         4d6       100%        6
 Enfeeble                 Hex            0%         N/A       100%        7
 Ozocubu's Refrigeration  Ice            29%        4d13      100%        7
 Summon Hydra             Summ           0%         N/A       100%        7
 Dragon's Call            Summ           0%         N/A       100%        9
 Polar Vortex             Ice            29%        12d3*     100%        9


Dungeon Overview and Level Annotations

Branches:
Dungeon (15/15)            Temple (1/1) D:6            Lair (5/5) D:9
  Swamp (1/4) Lair:3       Spider (4/4) Lair:2        Slime (0/5) Lair:4
    Orc (2/2) D:12            Elf (0/3) Orc:2        Vaults (0/5) D:13
 Depths (0/4) D:15          IceCv (visited)

Altars:
Ashenzari
Cheibriados
Dithmenos
Fedhas
Gozag
Hepliaklqana
Kikubaaqudgha
Makhleb
Nemelex Xobeh
Okawaru
Qazlal
Ru
Sif Muna
Trog
Uskayaw
Vehumet
Wu Jian
Xom
Yredelemnul
Jiyva

Shops:
D:15 =   Orc:2 [[:?

Annotations:
D:5 2 transporters, Sirjeffry24's ghost, novice FeEn
D:10 exclusion: obsidian statue


Innate Abilities, Weirdness & Mutations

You are mostly covered in yellow scales. (AC +3)
You are mostly covered in sharp spines.
Spells you cast and wands you use may paralyse nearby enemies.
Your touch may irresistibly damage your foes and sap their willpower.


Message History

The jorogumo hits you but does no damage.
The jumping spider is struck by your spines.
The jumping spider pounces on you.
* * * LOW HITPOINT WARNING * * *
The jumping spider bites you.
* * * LOW HITPOINT WARNING * * *
The pharaoh ant bites you but does no damage.
The demonic crawler is struck by your spines.
The demonic crawler hits you but does no damage. x3
You blink.
A steelbarb worm, a demonic crawler, an emperor scorpion, a torpor snail and a boulder beetle come into view.
The meliai calls down the wrath of its god upon you.
Something smites you!
* * * LOW HITPOINT WARNING * * *
The spark wasp stings you but does no damage.
A pharaoh ant comes into view.
The steelbarb worm hits you.
* * * LOW HITPOINT WARNING * * *
Barbed spikes become lodged in your body.
Something hits you but does no damage.
Deactivating autopickup; reactivate with Ctrl-A.
Something hits you but does no damage.
Something stings you but does no damage.
You feel you are being watched by something.
The jumping spider leaps!
The spark wasp stings you.
* * * LOW HITPOINT WARNING * * *
The spark wasp shocks you!
* * * LOW HITPOINT WARNING * * *
The boulder beetle bites you but does no damage.
The boulder beetle barely misses you.
A torpor snail comes into view.
The steelbarb worm is struck by your spines.
The steelbarb worm barely misses you.
A torpor snail comes into view.
You feel you are being watched by something.
Something hits you!
* * * LOW HITPOINT WARNING * * *
Something hits you but does no damage. Something stings you!
You die...
Kikubaaqudgha rasps: "You have failed me!
Welcome... death!" #...#.# # ##..#.# ..# ⌠#....# ..# ##..### ..## #...# ##### #B..# . ...## ##..B###ws..#w. ..## #s.ssyw{wys.... .## ##..#yBwBsBsw.B.

.#
##..###HB@.w.w...
^### #^^##
####yw..##w ...#
##.^# #..##
##.#####^.## ..#
#....###..# .#
### ####.##...#
## ##.#
#.....#### #..##
####..^#.## #..?.
###....#####
###^^


You could see 2 emperor scorpions, a jorogumo, 3 boulder beetles, 5 steelbarb
worms, a spark wasp, 5 torpor snails, 4 demonic crawlers, 4 pharaoh ants, a
jumping spider and 3 meliai.

Vanquished Creatures
  Arachne (Spider:3)
  Jorgrun (D:15)
  Gastronok (Lair:1)
  The ghost of Uveidaum the Hand of Fortune, an adept DsMo of Nemelex Xobeh (Spider:4)
  A ghost moth (Spider:4)
  A very ugly thing (D:15)
  A spark wasp (shapeshifter) (D:15)
  A fire dragon (Lair:5)
  The ghost of Netol the Slicer, a journeyman DsEn of Dithmenos (Lair:4)
  4 entropy weavers
  A vault guard (D:13)
  5 hydras
  Erica (D:8)
  An alligator (Lair:3)
  2 jorogumos
  A great orb of eyes (D:15)
  6 centaur warriors
  9 boulder beetles
  A radroach (Spider:3)
  5 two-headed ogres
  A tengu warrior (D:14)
  Urug (Lair:1)
  18 death yaks
  3 demonic crawlers
  An orc high priest (Orc:1)
  An occultist (D:15)
  Nergalle (Lair:1)
  Sonja (Lair:2)
  A skyshark (Lair:3)
  4 pharaoh ants
  A sun moth (Spider:3)
  6 orb spiders
  2 steelbarb worms (Spider:4)
  Pikel (D:7)
  13 ugly things
  8 orc knights
  2 lindwurms
  An arcanist (D:11)
  A wolf spider zombie (Spider:2)
  A deep elf pyromancer (D:14)
  5 cyclopes
  A manticore (D:15)
  2 orc sorcerers
  19 wolf spiders
  3 moths of wrath (Spider:4)
  20 elephants
  Joseph (Lair:1)
  An ice statue (IceCv)
  6 black mambas
  3 molten gargoyles (Lair:5)
  A cane toad (shapeshifter) (D:13)
  8 torpor snails
  24 cane toads
  An efreet (D:15)
  Maggie (D:6)
  16 komodo dragons
  2 kobold demonologists (D:14)
  9 rime drakes
  2 tengu conjurers (D:14)
  4 meliai
  5 polar bears
  10 trolls
  Prince Ribbit (D:7)
  19 tarantellas
  7 blink frogs
  13 jumping spiders
  14 slime creatures
  2 shadows
  16 culicivoras
  5 wyverns
  2 wraiths
  A hog (shapeshifter) (D:13)
  2 steam dragons
  54 yaks
  8 basilisks
  63 redbacks
  Menkaure (D:6)
  8 wargs
  21 vampire mosquitoes
  3 acid dragons
  13 water moccasins
  4 hell hounds (Lair:5)
  40 orc warriors
  A sky beast (D:7)
  Duvessa (D:7)
  2 ice beasts
  4 black bears
  3 ogres (Orc:2)
  20 wolves
  8 centaurs
  3 lemures (D:7)
  2 phantoms
  5 kobold brigands
  12 bullfrogs
  2 scorpions
  8 wights
  Dowan (D:7)
  20 killer bees
  6 howler monkeys
  2 troll zombies (D:12)
  5 lava snakes (Lair:5)
  A crimson imp (D:11)
  3 jellies
  8 orc priests
  4 iguanas
  Natasha (thrice) (D:4)
  19 orc wizards
  4 ogre zombies (D:12)
  4 gnolls (D:5)
  6 adders
  2 shadow imps
  2 ufetubi (D:7)
  A worm (D:5)
  3 dart slugs
  82 orcs
  7 ball pythons
  10 bats
  4 endoplasms (D:1)
  6 giant cockroaches
  5 goblins
  7 hobgoblins
  4 jackals (D:4)
  2 quokkas
  5 frilled lizards
  2 gnoll skeletons (D:12)
  A gnoll zombie (D:12)
  25 kobolds
  An orc skeleton (D:12)
  14 orc zombies (D:12)
  5 rats
899 creatures vanquished.

Vanquished Creatures (collateral kills)
  Agnes (Spider:3)
  An emperor scorpion (Spider:1)
  A frost giant (IceCv)
  A broodmother (Spider:3)
  A very ugly thing (D:14)
  An entropy weaver (Spider:3)
  A hydra (D:14)
  3 radroaches
  2 jorogumos
  A tengu warrior (D:13)
  2 demonic crawlers
  A pharaoh ant (Spider:1)
  A sun moth (Spider:1)
  2 orb spiders
  3 steelbarb worms
  2 ugly things (D:15)
  3 wolf spiders
  A mana viper (shapeshifter) (D:14)
  A cyclops (D:15)
  A torpor snail (Spider:1)
  A rime drake (IceCv)
  2 komodo dragons (Lair:4)
  A meliai (Spider:4)
  A troll (D:14)
  5 tarantellas
  A blink frog (Lair:4)
  5 jumping spiders (Spider:1)
  5 culicivoras
  4 yaks
  A basilisk (shapeshifter) (D:15)
  22 redbacks
  A two-headed ogre zombie (D:12)
  An orc warrior (Orc:2)
  A wolf (IceCv)
  A phantom (D:12)
  A troll zombie (D:12)
  4 orc priests
  An orc (Orc:1)
  An orc skeleton (D:12)
  6 orc zombies (D:12)
95 creatures vanquished.

Vanquished Creatures (others)
  A spriggan zombie (Spider:3)
  A jorogumo zombie (Spider:4)
  A wolf spider zombie (D:14)
  An ugly thing zombie (D:14)
  An arcanist (D:8)
  2 orb spider zombies
  A death yak zombie (IceCv)
  13 redback zombies
  A steelbarb worm zombie (Spider:4)
  A mana viper zombie (D:14)
  A culicivora zombie (Spider:4)
  3 jumping spider zombies
  5 tarantella zombies
  A radroach zombie (Spider:3)
  A sun moth zombie (Spider:1)
  A wyvern (Lair:5)
  A redback (Spider:3)
  2 vampire mosquito zombies (D:12)
  A water moccasin zombie (Lair:4)
  5 warg zombies
  3 yak zombies
  2 wolf zombies (IceCv)
  6 centaur zombies
  27 orc zombies
82 creatures vanquished.

Grand Total: 1076 creatures vanquished

Notes
Turn   | Place    | Note
-------+----------+-------------------------------------------
     0 | D:1      | olourkin the Demonspawn Gladiator began the quest for the
                  | Orb.
     0 | D:1      | Reached XP level 1. HP: 16/16 MP: 1/1
   211 | D:1      | Gained mutation: Your touch may inflict minor irresistible
                  | damage on your foes. [demonic ancestry]
   211 | D:1      | Reached XP level 2. HP: 22/22 MP: 2/2
   818 | D:1      | Gained mutation: You are partially covered in yellow
                  | scales. (AC +2) [demonic ancestry]
   818 | D:1      | Reached XP level 3. HP: 27/27 MP: 3/3
  1390 | D:2      | Found a faded altar of an unknown god.
  1888 | D:3      | Identified the +6 short sword "Dontaon" {elec, Str+4}
  1998 | D:3      | Gained mutation: You are partially covered in sharp spines.
                  | [demonic ancestry]
  1998 | D:3      | Reached XP level 4. HP: 28/33 MP: 4/4
  2053 | D:3      | Identified the ring of Happiness {+Blink Str+6 Int-4 Dex+9}
  2597 | D:4      | Noticed a water moccasin
  2599 | D:4      | Killed a water moccasin
  2600 | D:4      | Reached skill level 1 in Armour
  2600 | D:4      | Gained mutation: Spells you cast may paralyse adjacent
                  | enemies. [demonic ancestry]
  2600 | D:4      | Reached XP level 5. HP: 41/41 MP: 5/5
  2624 | D:4      | Noticed Natasha
  2649 | D:4      | Killed Natasha
  2799 | D:4      | Noticed a black bear
  2803 | D:4      | Killed a black bear
  2804 | D:4      | Reached XP level 6. HP: 47/47 MP: 6/6
  2864 | D:4      | Noticed Natasha
  2869 | D:4      | Killed Natasha
  3162 | D:4      | Noticed Natasha
  3167 | D:4      | Killed Natasha
  3379 | D:5      | Entered Level 5 of the Dungeon
  3409 | D:5      | Gained mutation: Your touch may inflict irresistible damage
                  | on your foes. [demonic ancestry]
  3409 | D:5      | Reached XP level 7. HP: 54/54 MP: 7/7
  3411 | D:5      | Noticed Sirjeffry24's ghost (novice FeEn)
  3414 | D:5      | Found a transporter.
  3419 | D:5      | Found a transporter.
  4462 | D:6      | Reached skill level 5 in Fighting
  4462 | D:6      | Reached skill level 1 in Short Blades
  4468 | D:6      | Noticed a wyvern
  4476 | D:6      | Killed a wyvern
  4477 | D:6      | Reached skill level 5 in Dodging
  4477 | D:6      | Reached XP level 8. HP: 62/62 MP: 8/8
  4649 | D:6      | Noticed Maggie
  4671 | D:6      | Killed Maggie
  4672 | D:6      | Reached skill level 5 in Armour
  4894 | D:6      | Found a staircase to the Ecumenical Temple.
  5005 | Temple   | Entered the Ecumenical Temple
  5026 | Temple   | Became a worshipper of Kikubaaqudgha
  5071 | D:6      | Noticed Menkaure
  5078 | D:6      | Killed Menkaure
  5359 | D:7      | Reached XP level 9. HP: 64/71 MP: 9/9
  5472 | D:7      | Noticed Prince Ribbit
  5487 | D:7      | Killed Prince Ribbit
  6006 | D:7      | Noticed Duvessa
  6006 | D:7      | Noticed Dowan
  6007 | D:7      | Killed Dowan
  6015 | D:7      | Killed Duvessa
  6121 | D:7      | Noticed Pikel
  6129 | D:7      | Killed Pikel
  6138 | D:7      | Reached * piety under Kikubaaqudgha
  6138 | D:7      | Received a gift from Kikubaaqudgha
  6208 | D:7      | Learned a level 1 spell: Necrotise
  6413 | D:7      | Gained mutation: You are mostly covered in yellow scales.
                  | (AC +3) [demonic ancestry]
  6413 | D:7      | Reached XP level 10. HP: 80/80 MP: 10/10
  6645 | D:8      | Found a sparkling altar of Nemelex Xobeh.
  6791 | D:8      | Reached skill level 1 in Necromancy
  6864 | D:8      | Found a sacrificial altar of Ru.
  7125 | D:8      | Reached skill level 1 in Stealth
  7125 | D:8      | Reached skill level 2 in Necromancy
  7232 | D:8      | Noticed Erica
  7246 | D:8      | Killed Erica
  7321 | D:8      | Found a bloodstained altar of Trog.
  7322 | D:8      | Noticed an arcanist
  7328 | D:8      | Killed an arcanist
  7944 | D:9      | Noticed a two-headed ogre
  7944 | D:9      | Noticed a two-headed ogre
  8146 | D:9      | Killed a two-headed ogre
  8147 | D:9      | Reached skill level 3 in Necromancy
  8332 | D:9      | Noticed a death yak
  8345 | D:9      | Killed a death yak
  8346 | D:9      | Reached skill level 4 in Necromancy
  8391 | D:9      | Found a staircase to the Lair.
  8395 | D:9      | Noticed a death yak
  8396 | D:9      | Noticed a death yak
  8422 | D:9      | Killed a death yak
  8423 | D:9      | Reached XP level 11. HP: 89/89 MP: 11/11
  8456 | D:8      | Killed a death yak
  8794 | D:9      | Noticed a two-headed ogre
  8801 | D:9      | Killed a two-headed ogre
  8943 | D:8      | Reached skill level 5 in Necromancy
  8948 | D:8      | Learned a level 2 spell: Sublimation of Blood
  8996 | D:8      | Reached ** piety under Kikubaaqudgha
  9074 | D:9      | Killed a two-headed ogre
  9274 | D:9      | Found an opulent altar of Gozag.
  9401 | Lair:1   | Entered Level 1 of the Lair of Beasts
  9509 | Lair:1   | Reached skill level 5 in Axes
  9509 | Lair:1   | Reached skill level 5 in Stealth
  9545 | Lair:1   | Noticed Joseph
  9562 | Lair:1   | Killed Joseph
  9695 | Lair:1   | Reached skill level 6 in Necromancy
  9706 | Lair:1   | Noticed Urug
  9759 | Lair:1   | Killed Urug
  9998 | Lair:1   | Noticed Nergalle
 10248 | Lair:1   | Noticed Gastronok
 10287 | Lair:1   | Killed Gastronok
 10288 | Lair:1   | Reached skill level 7 in Necromancy
 10288 | Lair:1   | Gained mutation: You are mostly covered in sharp spines.
                  | [demonic ancestry]
 10288 | Lair:1   | Reached XP level 12. HP: 88/96 MP: 10/12
 10369 | Lair:1   | Killed Nergalle
 10883 | Lair:1   | Reached *** piety under Kikubaaqudgha
 10883 | Lair:1   | Received a gift from Kikubaaqudgha
 11020 | Lair:2   | Identified the +0 chain mail of the Earth {Contam +Blink
                  | rC+}
 11199 | Lair:2   | Found a hole to the Spider Nest.
 11408 | Lair:2   | Reached skill level 8 in Necromancy
 11814 | Lair:2   | Noticed Sonja
 11822 | Lair:2   | Reached skill level 10 in Armour
 12019 | Lair:2   | Noticed a four-headed hydra
 12381 | Lair:3   | Found a frozen archway.
 12666 | IceCv    | Entered an ice cave
 12674 | IceCv    | Reached skill level 9 in Necromancy
 12711 | IceCv    | Learned a level 4 spell: Animate Dead
 12824 | IceCv    | Noticed a death yak
 12824 | IceCv    | Noticed a death yak
 12831 | IceCv    | Killed a death yak
 12887 | IceCv    | Noticed a death yak
 12890 | IceCv    | Reached XP level 13. HP: 101/101 MP: 11/13
 13462 | IceCv    | Reached **** piety under Kikubaaqudgha
 13917 | IceCv    | Noticed a frost giant
 13996 | IceCv    | Reached skill level 10 in Axes
 14010 | IceCv    | Killed a frost giant
 14011 | IceCv    | Reached skill level 10 in Necromancy
 14257 | IceCv    | Learned a level 3 spell: Ozocubu's Armour
 14623 | Lair:2   | Killed Sonja
 14952 | Lair:3   | Reached skill level 1 in Ice Magic
 15989 | Lair:3   | Found a staircase to the Swamp.
 16314 | Lair:3   | Reached ***** piety under Kikubaaqudgha
 16439 | Lair:4   | Gained mutation: Spells you cast may paralyse nearby
                  | enemies. [demonic ancestry]
 16439 | Lair:4   | Reached XP level 14. HP: 108/108 MP: 14/14
 17089 | Lair:4   | Found a viscous altar of Jiyva.
 17089 | Lair:4   | Found a staircase to the Slime Pits.
 17097 | Lair:4   | Found a runed translucent gate.
 17098 | Lair:4   | Found a runed translucent gate.
 17099 | Lair:4   | Found a runed translucent gate.
 17100 | Lair:4   | Noticed Netol's ghost (journeyman DsEn)
 17568 | Lair:4   | Reached skill level 5 in Ice Magic
 17571 | Lair:4   | Reached skill level 11 in Necromancy
 17576 | Lair:4   | Killed Netol's ghost
 17751 | Lair:5   | Entered Level 5 of the Lair of Beasts
 18196 | Lair:5   | Reached skill level 10 in Dodging
 18715 | Lair:5   | Found a large runed translucent door.
 18719 | Lair:5   | Found a large runed translucent door.
 18912 | Lair:5   | Reached skill level 5 in Throwing
 19012 | Lair:5   | Reached ****** piety under Kikubaaqudgha
 19941 | Swamp:1  | Entered Level 1 of the Swamp
 20025 | D:10     | Entered Level 10 of the Dungeon
 21049 | D:10     | Found an ornate altar of the Wu Jian Council.
 21784 | D:11     | Learned a level 2 spell: Passwall
 22230 | D:12     | Gained mutation: Spells you cast and wands you use may
                  | paralyse nearby enemies. [demonic ancestry]
 22230 | D:12     | Reached XP level 15. HP: 100/114 MP: 15/15
 22465 | D:12     | Reached skill level 1 in Transmutations
 22517 | D:12     | Found a staircase to the Orcish Mines.
 22609 | Orc:1    | Entered Level 1 of the Orcish Mines
 22752 | Orc:2    | Entered Level 2 of the Orcish Mines
 22772 | Orc:2    | Found Pegyb's Antique Armour Shoppe.
 23000 | Orc:1    | Reached skill level 12 in Necromancy
 23167 | Orc:2    | Found Ehad's Antique Armour Shop.
 23696 | Orc:2    | Found a staircase to the Elven Halls.
 23946 | Orc:2    | Found Sousaxipt's Magic Scroll Shoppe.
 23946 | Orc:2    | Found Tamuojor's Book Shop.
 25259 | D:13     | Found a hide-covered altar of Uskayaw.
 25954 | D:13     | Found a gate to the Vaults.
 26605 | D:14     | Got Sif Muna's Incunable of the Missiles and Interference
 27057 | D:14     | Reached skill level 13 in Necromancy
 27120 | D:14     | Found a shadowy altar of Dithmenos.
 27504 | D:15     | Entered Level 15 of the Dungeon
 27504 | D:15     | Noticed Jorgrun
 27514 | D:15     | Killed Jorgrun
 27669 | D:15     | Gained mutation: Your touch may irresistibly damage your
                  | foes and sap their willpower. [demonic ancestry]
 27669 | D:15     | Reached XP level 16. HP: 68/120 MP: 10/16
 28243 | D:15     | Found a staircase to the Depths.
 28415 | D:15     | Found Huakkek's Jewellery Emporium.
 29187 | Spider:1 | Entered Level 1 of the Spider Nest
 29649 | Spider:1 | Reached skill level 14 in Necromancy
 31686 | Orc:2    | Bought the +8 orange crystal plate armour {Archmagi, Int+3
                  | Clar} for 2890 gold pieces
 31686 | Orc:2    | Found the +8 orange crystal plate armour {Archmagi, Int+3
                  | Clar}
 32887 | Spider:3 | Reached skill level 15 in Necromancy
 32894 | Spider:3 | Noticed Agnes
 32901 | Spider:3 | Killed Agnes
 32917 | Spider:3 | Reached XP level 17. HP: 63/126 MP: 11/17
 33100 | Spider:3 | Noticed Arachne
 33107 | Spider:3 | Killed Arachne
 33276 | Spider:3 | Reached skill level 10 in Ice Magic
 33276 | Spider:3 | Your ally Agnes died
 34398 | Spider:4 | Entered Level 4 of the Spider Nest
 34608 | Spider:4 | Reached skill level 15 in Armour
 35490 | Spider:4 | Found a runed translucent door.
 35496 | Spider:4 | Noticed Uveidaum's ghost (adept DsMo)
 35904 | Spider:4 | Killed Uveidaum's ghost
 36108 | Spider:4 | Reached skill level 16 in Necromancy
 36112 | Spider:4 | HP: 3/126 [something (9)]
 36112 | Spider:4 | Slain by a ghost moth

Illustrated notes

Levels and vault maps discovered:
D:1:      dpeg_arrival_arbitrary_b, layout_loops_cross, minmay_unequal
D:2:      layout_basic, dreamdust_ecumenical_altar_statues, grunt_decor_junction
D:3:      layout_basic
D:4:      layout_basic, kennysheep_boxes, uniq_natasha
D:5:      layout_loops_ring, gammafunk_ghost_arena
D:6:      layout_basic, minmay_temple_entry_waves, minmay_misc_feat_columns,
          minmay_liquid_box, uniq_maggie, uniq_menkaure
D:7:      layout_cave_pods, ldierk_geyser, minmay_diced_spiral, uniq_pikel,
          uniq_prince_ribbit1, uniq_duvessa
D:8:      layout_basic, mainiacjoe_overflow_24_doors,
          nemelex_xobeh_ov_fountains_minmay, trog_wizard,
          serial_co_window_serial, co_window_corner_a, co_window_paths_a,
          co_window_paths_b, co_window_of_opportunity_a, co_window_corner_a,
          co_window_broadway_c, co_window_broadway_b, co_window_corner_b,
          co_window_broadway_b, co_window_broadway_a,
          co_window_of_opportunity_b, co_window_paths_e, co_window_paths_d,
          uniq_erica
D:9:      layout_long_grid, marbit_many_paths, dpeg_lair_monsters
D:10:     layout_layer_cave, mainiacjoe_overflow_swirl, hex_large,
          minmay_statue_bubble
D:11:     layout_loops_ring, lightli_wizard_tower
D:12:     layout_roguey, zombieorc2_lemuel
D:13:     layout_roguey, david_vaults_5, minivault_22, nicolae_uskayaw_en_pointe
D:14:     nicolae_BIG_FREAKIN_CUBE, layout_irregular_city,
          nicolae_dithmenos_through_a_glass_darkly,
          minmay_the_grid_square_5x5_3x3_mashed
          [minmay_the_grid_square_5x5_spiral_small,
          minmay_the_grid_square_5x5_sharp_hourglass,
          minmay_the_grid_square_5x5_two_walls_b,
          minmay_the_grid_square_5x5_checkered_sparse,
          minmay_the_grid_square_5x5_megaprize_checkered,
          minmay_the_grid_square_5x5_comb, minmay_the_grid_square_5x5_bite,
          minmay_the_grid_square_5x5_two_walls_a,
          minmay_the_grid_square_5x5_tetrominoes]
D:15:     gammafunk_enter_depths_forms, layout_long_grid, serial_shops, shop,
          corexii_hall_statues_x, serial_rivers, chequers_serial_rivers_room_b,
          chequers_serial_rivers_micro_b, chequers_serial_rivers_large_b,
          chequers_serial_rivers_micro_a, chequers_serial_rivers_small_b,
          chequers_serial_rivers_room_a, uniq_jorgrun
Temple:   lightli_temple_of_artemis
Lair:1:   layout_gridlike, uniq_gastronok, uniq_nergalle, uniq_joseph, uniq_urug
Lair:2:   nzn_winding_woodlands_three_and_one
          [nzn_winding_woodlands_5x15_default, nzn_winding_woodlands_5x15_twine,
          nzn_winding_woodlands_5x15_pathside_ponds,
          nzn_winding_woodlands_center_diamonds], layout_regular_city,
          dummy_spider_entry, uniq_sonja
Lair:3:   minmay_lair_venomous_thicket, layout_chaotic_city,
          mainiacjoe_swamp_entry_lozenge_pond, serial_forest,
          infiniplex_forest_lined_room_, infiniplex_forest_end_1,
          infiniplex_forest_straight_2, infiniplex_forest_side_room,
          infiniplex_forest_clump_tiny, infiniplex_forest_straight_2,
          infiniplex_forest_lined_room_, portal_ice_cave_entry_pillars_2,
          cheibrodos_lair_reptile_den
Lair:4:   layout_loops_ring, slime_entry_1, gammafunk_ghost_split,
          lemuel_fruit_tree, grunt_megastairs_4
Lair:5:   cheibrodos_lair_end_hotspot, layout_big_grid
Swamp:1:  layout_basic_swamp, hangedman_swamp_diagram, uniq_louise
Spider:1: layout_cave_pods
Spider:2: layout_cave_pods
Spider:3: layout_cave_pods, nicolae_spider_cling_halls, uniq_agnes, uniq_arachne
Spider:4: hellmonk_spider_rune_bug_friends, hellmonk_ghost_happy_afterlife
Orc:1:    layout_caves
Orc:2:    st_orc_town, layout_caves

Skill      XL: |  1  2  3  4  5  6  7  8  9 10 11 12 13 14 15 16 17 |
---------------+----------------------------------------------------+-----
Axes           | 3 4 6 9 10 | 10.7
Fighting       | 3 4 5 6 8 9 |  9.4
Armour         | 1 2 3 4 5 7 8 9 10 11 12 13 14 15 | 15.2
Dodging        | 3 4 5 6 7 8 9 10 11 12 | 12.9
Short Blades   | 1 2 |  2.0
Throwing       | 2 3 5 6 |  6.0
Necromancy     | 4 7 9 10 11 13 15 16 | 16.0
Stealth        | 3 6 8 |  8.0
Ice Magic      | 3 7 8 9 11 | 11.6
Transmutations | 4 |  4.0

Action                     |  1- 3 |  4- 6 |  7- 9 | 10-12 | 13-15 | 16-18 || total
---------------------------+-------+-------+-------+-------+-------+-------++-------
  Melee: War axe           |   122 |       |       |   217 |   911 |   479 ||  1729
         Touch             |    11 |     8 |    37 |    76 |   201 |   118 ||   451
         Short sword       |     7 |    51 |   142 |    89 |       |       ||   289
         Punch             |       |     1 |     1 |     8 |     7 |    12 ||    29
  Throw: Stone             |    10 |       |       |       |       |       ||    10
         Javelin           |     1 |       |       |       |       |       ||     1
         Boomerang         |       |    14 |    78 |    64 |    22 |     5 ||   183
         Dart              |       |       |    14 |    52 |    66 |     6 ||   138
   Cast: Necrotise         |       |       |       |    48 |    70 |    31 ||   149
         Animate Dead      |       |       |       |     3 |    21 |    11 ||    35
         Ozocubu's Armour  |       |       |       |       |     3 |     4 ||     7
Ability: Evoke Blink       |       |       |       |     2 |     1 |     1 ||     4
  Evoke: Wand              |       |       |     9 |     3 |     4 |     6 ||    22
    Use: Scroll            |       |       |    15 |     8 |    17 |     3 ||    43
         Potion            |       |       |       |     2 |     7 |     3 ||    12
   Stab: Sleeping          |     1 |       |     1 |     5 |    16 |     7 ||    30
         Paralysed         |       |       |       |    21 |    42 |    30 ||    93
         Distracted        |       |       |       |       |    16 |    13 ||    29
         Invisible         |       |       |       |       |     5 |       ||     5
 Armour: Leather armour    |    62 |       |       |       |       |       ||    62
         Scale mail        |    12 |    30 |    16 |       |       |       ||    58
         Steam dragon scal |       |       |    41 |   209 |   578 |   138 ||   966
         Crystal plate arm |       |       |       |       |       |   359 ||   359
  Dodge: Dodged            |    81 |    26 |    68 |   353 |   839 |   431 ||  1798

Table legend: (Time is in decaauts)
 A = Elapsed time spent in this place.
 B = Non-inter-level travel time spent in this place.
 C = Inter-level travel time spent in this place.
 D = Time resting spent in this place.
 E = Time spent auto-exploring this place.
 F = Levels seen in this place.
 G = Mean time per level.
                   A        B        C        D        E       F      G
               +--------+--------+--------+--------+--------+-----+--------+
         Total |  36209 |  34193 |   2016 |  10073 |  15730 |  29 | 1248.6 |
       Dungeon |  16421 |  15380 |   1041 |   3391 |   8513 |  15 | 1094.7 |
        Temple |     38 |     22 |     16 |      0 |      0 |   1 |   38.0 |
          Lair |   8964 |   8375 |    589 |   3269 |   2785 |   5 | 1792.8 |
         Swamp |      1 |      1 |      0 |      0 |      0 |   1 |    1.0 |
   Spider Nest |   6584 |   6310 |    274 |   1850 |   3219 |   4 | 1646.0 |
  Orcish Mines |   2417 |   2321 |     96 |    575 |   1077 |   2 | 1208.5 |
      Ice Cave |   1781 |   1781 |      0 |    987 |    134 |   1 | 1781.0 |
               +--------+--------+--------+--------+--------+-----+--------+

Top non-repeatable levels by time:
  Lair:1: 1942 daAuts
  Lair:5: 1857 daAuts
  Lair:2: 1802 daAuts
   IceCv: 1781 daAuts
Spider:1: 1776 daAuts
Spider:3: 1762 daAuts
     D:8: 1729 daAuts
  Lair:4: 1694 daAuts
  Lair:3: 1667 daAuts
Spider:2: 1562 daAuts
Spider:4: 1483 daAuts
    D:15: 1369 daAuts
   Orc:2: 1357 daAuts
    D:14: 1322 daAuts
    D:10: 1269 daAuts
